 Dungeon Crawl Stone Soup version 0.29-a0-284-gf9362112df (webtiles) character file.

Game seed: 2007824881075421158

19 bande the Skirmisher (level 2, 0/19 HPs)
             Began as a Gargoyle Fighter on Mar 25, 2022.
             Slain by an adder (3 damage)
             ... on level 2 of the Dungeon.
             The game lasted 00:01:47 (878 turns).

bande the Skirmisher (Gargoyle Fighter)              Turns: 878, Time: 00:01:48

Health: 0/19       AC: 10    Str: 19    XL:     2   Next: 75%
Magic:  2/2        EV:  5    Int:  8    God:
Gold:   88         SH: 11    Dex:  9    Spells: 1/1 levels left

rFire   . . .      SeeInvis .   a - +0 war axe
rCold   . . .      Faith    .   k - +0 tower shield
rNeg    + . .      Spirit   .   b - +0 scale mail
rPois   ∞          Reflect  .   (no helmet)
rElec   +          Harm     .   (no cloak)
rCorr   .          Rampage  .   f - +0 pair of gloves
Will    +....                   (no boots)
Stlth   ..........              (no amulet)
HPRegen 0.06/turn               g - ring of willpower
MPRegen 0.08/turn               (no ring)

@: no status effects
A: sickness immunity, AC +2, negative energy resistance 1, electricity
resistance, torment resistance 1, petrification resistance
a: no special abilities


You were on level 2 of the Dungeon.
You visited 1 branch of the dungeon, and saw 2 of its levels.

You collected 88 gold pieces.

Inventory:

Hand Weapons
 a - a +0 war axe (weapon)
Armour
 b - a +0 scale mail (worn)
 f - a +0 pair of gloves (worn)
 k - a +0 tower shield (worn)
Jewellery
 g - a ring of willpower (left hand)
Scrolls
 e - a scroll of identify {unknown}
 i - a scroll of enchant armour {unknown}
 j - a scroll of brand weapon {unknown}
Potions
 d - a potion of might
 h - 2 potions of curing {unknown}


   Skills:
 + Level 3.6 Fighting
 + Level 2.0 Axes
 + Level 3.6 Armour
 + Level 3.5 Shields


You had one spell level left.
You didn't know any spells.
Your spell library was empty.

Dungeon Overview and Level Annotations

Branches:
Dungeon (2/15)

Altars:


Innate Abilities, Weirdness & Mutations

You are immune to sickness and miasma.
Your stone body is resilient. (AC +2)
You are immune to poison.
You resist negative energy. (rN+)
You are resistant to electric shocks. (rElec)
You are resistant to unholy torment.
You are immune to petrification.


Message History

The ball python is heavily wounded.
You hit the frilled lizard.
You kill the frilled lizard!
The ball python bites you but does no damage.
The ball python constricts you.
The ball python bites you but does no damage.
The ball python constricts you.
An adder comes into view.
You block the kobold's attack.
The adder hisses angrily.
You hit the ball python.
You kill the ball python!
You hit the kobold but do no damage. You block the kobold's attack.
The quokka bites you but does no damage.
The kobold hits you but does no damage. The kobold completely misses you.
Your Axes skill increases to level 2!
You closely miss the kobold. You barely miss the quokka.
You closely miss the kobold. The quokka barely misses you.
The kobold hits you with a +0 short sword.
The kobold hits you with a +2 whip of venom.
You block the quokka's attack. You block the kobold's attack.
The kobold hits you but does no damage.
Unknown command.
You hit the kobold.
The kobold is severely wounded.
You miss the kobold. You closely miss the quokka.
The quokka bites you but does no damage.
The kobold hits you but does no damage. x2; You block the quokka's attack.
The adder bites you.
You barely miss the kobold.
The kobold is severely wounded.
You barely miss the kobold. You miss the adder. You miss the quokka.
The adder bites you.
* * * LOW HITPOINT WARNING * * *
You block the quokka's attack. The kobold barely misses you.
The kobold hits you with a +2 whip of venom.
* * * LOW HITPOINT WARNING * * *
The quokka bites you but does no damage.
The adder bites you.
You die...

.............
.............
............#
##
......[.....
..
...........#.#
.............#
$......rSK..#
.[.....K@#
...###.## .
#..####..# ...
#..[....#...#
######<.....#
##.>..## ....#
....# ......


You could see an adder, a quokka and 2 kobolds.

Vanquished Creatures
  An adder (D:2)
  A dart slug (D:1)
  2 ball pythons
  An endoplasm (D:2)
  A bat (D:1)
  2 frilled lizards
  2 kobolds (D:1)
10 creatures vanquished.

Notes
Turn   | Place    | Note
-------+----------+-------------------------------------------
     0 | D:1      | bande the Gargoyle Fighter began the quest for the Orb.
     0 | D:1      | Reached XP level 1. HP: 14/14 MP: 1/1
   694 | D:1      | Reached XP level 2. HP: 19/19 MP: 2/2
   878 | D:2      | Slain by an adder

Illustrated notes

Levels and vault maps discovered:
D:1:      ncdulo_smallfort, layout_loops_ring
D:2:      layout_rooms, nrook_mini_vaults

Skill      XL: |  1  2 |
---------------+-------+-----
Axes           | 2 |  2.0
Fighting       | |  3.6
Armour         | |  3.6
Shields        | |  3.5

Action                   || total
-------------------------++-------
Melee: War axe           ||    25
Armor: Scale mail        ||    28
Dodge: Dodged            ||    12
Block: Buckler           ||     4
       Tower shield      ||    14

Table legend: (Time is in decaauts)
 A = Elapsed time spent in this place.
 B = Non-inter-level travel time spent in this place.
 C = Inter-level travel time spent in this place.
 D = Time resting spent in this place.
 E = Time spent auto-exploring this place.
 F = Levels seen in this place.
 G = Mean time per level.
                   A        B        C        D        E       F      G
               +--------+--------+--------+--------+--------+-----+--------+
         Total |    892 |    884 |      8 |      0 |    563 |   2 |  446.0 |
       Dungeon |    892 |    884 |      8 |      0 |    563 |   2 |  446.0 |
               +--------+--------+--------+--------+--------+-----+--------+

Top non-repeatable levels by time:
     D:1: 867 daAuts
     D:2: 24 daAuts
